 Dungeon Crawl Stone Soup version 0.18-a0-1774-gce1f7b6 (webtiles) character file.

1084 namelastname112 the Covert (level 8, 0/42 HPs)
             Began as a Vine Stalker Assassin on Apr 15, 2016.
             Slain by Blork the orc
             ... wielding a +4 vampiric glaive
              (9 damage)
             ... on level 5 of the Dungeon.
             The game lasted 00:07:16 (4354 turns).

namelastname112 the Covert (Vine Stalker Assassin)  Turns: 4354, Time: 00:07:17

Health: 0/42       AC:  4    Str: 14    XL:     8   Next: 30%
Magic:  0/18       EV: 13    Int: 11    God:
Gold:   347        SH:  0    Dex: 18    Spells: 0 memorised, 7 levels left

rFire  + + .     SeeInvis .     k - +1 dagger (venom)
rCold  . . .     Gourm    .     c - +0 robe
rNeg   . . .     Faith    .     (no shield)
rPois  .         Spirit   +     j - +0 helmet
rElec  .         Dismiss  .     F - +0 cloak of Patterns {+Blink rF++ MP+9} (curse)
rCorr  +         Reflect  .     (no gloves)
SustAt .         Harm     .     (no boots)
MR     +....                    (no amulet)
Stlth  ++++......               B - ring of flight
                                y - ring of resist corrosion

@: somewhat resistant to hostile enchantments, stealthy
A: fangs 3, regeneration 2, magic shield, antimagic bite, no device heal 3, rot
immunity
a: Evoke Blink, Evoke Flight


You were on level 5 of the Dungeon.
You were not hungry.

You visited 2 branches of the dungeon, and saw 6 of its levels.
You also visited: Sewer.

You collected 347 gold pieces.

Inventory:

Hand Weapons
 b - a +0 blowgun
 k - a +1 dagger of venom (weapon)
Missiles
 e - 7 poisoned needles
 f - 2 curare-tipped needles
Armour
 c - a +0 robe (worn)
 j - a +0 helmet (worn)
 F - the cursed +0 cloak of Patterns (worn) {+Blink rF++ MP+9}
   (You found it on level 4 of the Dungeon)

   It greatly protects you from fire.
   It affects your magic capacity (+9).
   It lets you blink.
   It has a curse placed upon it.
Jewellery
 y - a ring of resist corrosion (left hand)
 B - a ring of flight (right hand)
Wands
 t - a wand of paralysis (7/24)
 z - a wand of digging (8/24)
 N - a wand of flame (16/48)
Scrolls
 d - 3 scrolls of amnesia {unknown}
 i - 8 scrolls of identify {unknown}
 o - 4 scrolls of blinking {unknown}
 r - 2 scrolls of fog {unknown}
 w - 3 scrolls of remove curse
 A - 2 scrolls of noise {unknown}
 C - 3 scrolls of teleportation {unknown}
 E - 2 scrolls of fear {unknown}
 H - 3 scrolls of magic mapping {unknown}
 I - 4 scrolls of recharging {unknown}
Potions
 h - 8 potions of curing {unknown}
 l - a potion of berserk rage {unknown}
 m - 4 potions of might {unknown}
 n - 3 potions of heal wounds {unknown}
 p - 2 potions of agility {unknown}
 s - a potion of cure mutation {unknown}
 x - a potion of flight {unknown}
 G - 2 potions of magic {unknown}
 J - a potion of degeneration {unknown}
 M - 2 potions of haste {unknown}
Books
 K - a Young Poisoner's Handbook

   Spells                             Type                      Level
   a - Sting                          Conjuration/Poison           1
   b - Cure Poison                    Poison                       2
   c - Mephitic Cloud                 Conjuration/Poison/Air       3
   d - Olgreb's Toxic Radiance        Poison                       4
   e - Venom Bolt                     Conjuration/Poison           5
Comestibles
 a - 2 meat rations
 g - 3 bread rations
 q - 4 fruits
 u - 2 beef jerkies
 v - a slice of pizza
 L - a royal jelly
 O - a chunk of flesh


   Skills:
 + Level 3.7 Fighting
 * Level 5.0 Short Blades
 + Level 3.4 Throwing
 + Level 2.7 Dodging
 * Level 8.3 Stealth


You had 7 spell levels left.
You didn't know any spells.

Dungeon Overview and Level Annotations

Branches:
Dungeon (5/15)             Temple (1/1) D:5

Altars:
Ashenzari
Elyvilon
Fedhas
Gozag
Kikubaaqudgha
Makhleb
Nemelex Xobeh
Pakellas
Qazlal
Trog
Vehumet
Yredelemnul
Zin
The Shining One

Annotations:
D:5 exclusion: statue, Blork the orc


Innate Abilities, Weirdness & Mutations

You have razor-sharp teeth.
You heal very quickly.
When hurt, damage is shared between your health and your magic reserves.
Your bite disrupts and absorbs the magic of your enemies.
Potions and wands cannot restore your health.
You are immune to rotting.


Message History

Blork the orc hits you with a vampiric glaive!
* * * LOW HITPOINT WARNING * * *
You take 10 damage, and have 7/42 hp.
MASSIVE DAMAGE!!
You now have 4/18 mp.
You are too injured to fight recklessly!
You are too injured to fight recklessly!
You are too injured to fight recklessly!
Throwing (i - inventory):
D - a throwing net (quivered)
Press: ? - help, Shift-Dir - straight line, f - Blork the orc
Aim: Blork the orc, wielding a vampiric glaive and wearing a robe (lightly wounded, poisoned)
You throw a throwing net.
The throwing net closely misses Blork the orc.
Blork the orc casts a cantrip, but nothing happens.
You hit Blork the orc but do no damage.
Blork the orc is moderately wounded.
You barely miss Blork the orc. You bite Blork the orc.
Blork the orc's magic leaks into the air.
You drain his magic.
You feel invigorated.
Blork the orc is moderately wounded.
Blork the orc hits you with a vampiric glaive!
You die...

#.# #.# #######.###
##### #.........#
#...#####.#...#.#.#
#..........(....#.#
#...#####.#........
##.## #.##......#
#@# #.####....# #o#
#.........# ...
#######.### ##.#.
#.# #.#.# #+# #.# #
#.# #(#


You could see Blork the orc.

Vanquished Creatures
  Menkaure (D:5)
  An ogre (D:4)
  The ghost of namelastname112 the Sneak, an amateur VSAs (D:3)
  2 giant frogs (Sewer)
  A howler monkey (D:5)
  2 crimson imps
  A quasit (D:4)
  A hound (D:5)
  An orc priest (D:5)
  An iguana (D:5)
  2 orc wizards
  4 worker ants
  3 gnolls (D:2)
  9 adders
  3 river rats (Sewer)
  A shadow imp (D:5)
  5 oozes
  2 worms
  A dart slug (D:2)
  3 giant geckos
  19 orcs
  6 giant cockroaches
  11 goblins
  4 hobgoblins
  A jackal (D:4)
  7 kobolds
  2 quokkas
  14 ball pythons
  6 bats
  8 giant newts
  33 rats
  2 rat zombies (D:5)
158 creatures vanquished.

Notes
Turn   | Place    | Note
--------------------------------------------------------------
     0 | D:1      | namelastname112 the Vine Stalker Assassin began the quest for the Orb.
     0 | D:1      | Reached XP level 1. HP: 11/11 MP: 2/2
   222 | D:1      | Reached XP level 2. HP: 15/15 MP: 3/3
   407 | D:1      | Reached skill level 5 in Stealth
   526 | D:1      | Found a shattered altar of Ashenzari.
   579 | D:1      | Reached XP level 3. HP: 18/18 MP: 4/4
  1146 | D:2      | Found a basalt altar of Yredelemnul.
  1229 | D:2      | Found a stormy altar of Qazlal.
  1288 | D:2      | Reached XP level 4. HP: 10/23 MP: 3/5
  1399 | D:2      | Reached skill level 1 in Dodging
  1878 | D:3      | Noticed namelastname112's ghost (amateur VSAs)
  1959 | D:3      | Killed namelastname112's ghost
  1959 | D:3      | Reached skill level 6 in Stealth
  1959 | D:3      | Reached XP level 5. HP: 18/27 MP: 4/6
  2303 | D:4      | Found a burning altar of Makhleb.
  2356 | D:4      | Gained mutation: You heal very quickly. [Vine Stalker growth]
  2356 | D:4      | Reached XP level 6. HP: 32/32 MP: 7/7
  2627 | D:4      | Got a steaming cloak
  2697 | D:4      | Found a glowing drain.
  2727 | D:4      | Reached skill level 7 in Stealth
  2727 | D:4      | Reached XP level 7. HP: 29/36 MP: 8/8
  2745 | Sewer    | Entered a sewer
  2756 | Sewer    | Identified the cursed +0 cloak of Patterns {+Blink rF++ MP+9} (You found it on level 4 of the Dungeon)
  3621 | D:4      | Found a white marble altar of Elyvilon.
  3621 | D:4      | Found a glowing golden altar of the Shining One.
  3622 | D:4      | Found a glowing silver altar of Zin.
  3718 | D:5      | Entered Level 5 of the Dungeon
  3855 | D:5      | Gained mutation: You have razor-sharp teeth. [Vine Stalker growth]
  3855 | D:5      | Reached XP level 8. HP: 41/41 MP: 9/9
  3907 | D:5      | Found a staircase to the Ecumenical Temple.
  3930 | D:5      | Reached skill level 8 in Stealth
  3940 | Temple   | Entered the Ecumenical Temple
  4224 | D:5      | Found a radiant altar of Vehumet.
  4287 | D:5      | Found an ancient bone altar of Kikubaaqudgha.
  4313 | D:5      | Noticed Menkaure
  4329 | D:5      | Killed Menkaure
  4329 | D:5      | Reached skill level 5 in Short Blades
  4342 | D:5      | Noticed Blork the orc
  4354 | D:5      | Slain by Blork the orc

Vault maps used:
D:1:      dpeg_arrival_brainrot, nicolae_ashenzari_panopticon
D:2:      grunt_qazlal_sundering, lemuel_round_altar
D:3:      grunt_ministairs_1
D:4:      good_gods_mini_temple, portal_sewer_entry_a, bloody_makhleb
D:5:      vehumet_statue, lemuel_zombie_altar_kikubaaqudgha,
          minmay_temple_entry_statues_pillars, first_bread, uniq_sigmund,
          uniq_grinder, uniq_menkaure, uniq_blork_the_orc
Temple:   circular_temple_6
Sewer:    sewer_minmay_w

Skill      XL: |  1  2  3  4  5  6  7  8 |
---------------+-------------------------+-----
Short Blades   | 2 3 4 5 |  5.0
Throwing       | 2 3 |  3.4
Fighting       | 2 3 |  3.7
Stealth        | 5 6 7 8 |  8.3
Dodging        | 1 2 |  2.7

Action                   |  1- 3 |  4- 6 |  7- 9 || total
-------------------------+-------+-------+-------++-------
Melee: Dagger            |    85 |   140 |   232 ||   457
       Bite              |    17 |    55 |    71 ||   143
 Fire: Blowgun           |     8 |       |     3 ||    11
Throw: Throwing net      |       |       |     1 ||     1
 Abil: Evoke Blink       |       |       |     1 ||     1
  Use: Scroll            |     1 |       |       ||     1
 Stab: Sleeping          |     8 |     8 |     8 ||    24
       Distracted        |       |       |     1 ||     1
  Eat: Chunk             |       |     5 |     7 ||    12
Armor: Robe              |    22 |    27 |    47 ||    96
Dodge: Dodged            |    48 |    59 |   158 ||   265
